 Dungeon Crawl Stone Soup version 0.29-a0-284-gf9362112df (webtiles) character file.

Game seed: 10461863831323218789

12883 ders the Thaumaturge (level 12, -3/70 HPs)
             Began as a Djinni Fire Elementalist on Mar 24, 2022.
             Was an Initiate of Ru.
             Slain by a cane toad (19 damage)
             ... on level 2 of the Lair of Beasts.
             The game lasted 00:19:40 (12657 turns).

ders the Thaumaturge (Djinni Fire Elementalist)    Turns: 12657, Time: 00:19:41

Health: -3/70      AC:  6    Str:  7    XL:     12   Next: 25%
Gold:   427        EV: 14    Int: 27    God:    Ru [......] SH:  0 Dex: 15

rFire   + + +      SeeInvis .   i - staff of fire
rCold   x . .      Faith    .   (no shield)
rNeg    + . .      Spirit   .   D - +1 steam dragon scales
rPois   ∞          Reflect  .   (no helmet)
rElec   .          Harm     .   (no cloak)
rCorr   .          Rampage  .   (no gloves)
Will    +....                   (boots unavailable)
Stlth   ..........              B - amulet of the acrobat
HPRegen 0.21/turn               b - ring of positive energy
MPRegen 0.00/turn               y - +6 ring of intelligence

@: flying
A: sickness immunity, fire resistance 2, cold vulnerability 1, no stealth,
float, innate caster, HP casting, extra vitality 1
a: Renounce Religion


You were on level 2 of the Lair of Beasts.
You worshipped Ru.
Ru was noncommittal.
You visited 3 branches of the dungeon, and saw 11 of its levels.

You collected 427 gold pieces.

Inventory:

Hand Weapons
 j - a +3 dagger of venom
Armour
 a - a +0 robe
 D - +1 steam dragon scales (worn)
 E - the +0 kite shield "Waoculis" {rC+ Will+}
   (You found it on level 6 of the Dungeon)

   rC:        It protects you from cold.
   Will:      It increases your willpower.
 H - a +0 pair of boots
Magical Staves
 i - a staff of fire (weapon)
Jewellery
 b - a ring of positive energy (left hand)
 y - a +6 ring of intelligence (right hand)
 B - an amulet of the acrobat (around neck)
 F - a ring of protection from cold
Wands
 e - a wand of iceblast (6)
 n - a wand of mindburst (3)
 q - a wand of paralysis (4)
Scrolls
 c - 3 scrolls of fog
 g - 3 scrolls of vulnerability
 m - a scroll of identify
 t - a scroll of noise
 z - 2 scrolls of teleportation
Potions
 d - 2 potions of attraction
 f - 4 potions of flight
 l - a potion of invisibility
 o - a potion of brilliance
 p - 2 potions of curing
 s - 2 potions of lignification
 v - 2 potions of resistance
 w - 4 potions of might
 x - a potion of haste
 G - a potion of heal wounds {unknown}


   Skills:
 - Level 4.4 Dodging
 + Level 14.1 Spellcasting


You had 11 spell levels left.
You knew the following spells:

 Your Spells              Type           Power      Damage    Failure   Level
a - Foxfire               Conj/Fire      100%       2x1d9     0%          1
b - Scorch                Fire           100%       2d10      0%          2
c - Conjure Flame         Conj/Fire      97%        6-21      1%          3
d - Inner Flame           Hex/Fire       97%        N/A       1%          3
e - Flame Wave            Conj/Fire      97%        2d16      1%          4
f - Pain                  Necr           100%       1d9       0%          1
g - Corpse Rot            Necr/Air       100%       N/A       0%          2
h - Ozocubu's Armour      Ice            77%        N/A       1%          3
i - Iskenderun's Mystic   Conj/Tloc      77%        2d15      1%          4
j - Borgnjor's Vile Clut  Necr/Erth      38%        N/A       1%          5
Your spell library was empty.

Dungeon Overview and Level Annotations

Branches:
Dungeon (8/15)             Temple (1/1) D:6            Lair (1/6) D:8

Altars:
Ashenzari
Cheibriados
Elyvilon
Fedhas
Gozag
Hepliaklqana
Kikubaaqudgha
Makhleb
Okawaru
Qazlal
Ru
Trog
Vehumet
Wu Jian
Yredelemnul

Shops:
D:5 =   D:6 =

Portals:
Abyss: D:5

Annotations:
D:5 2 transporters, Dvallin's ghost, novice FoHu


Innate Abilities, Weirdness & Mutations

You are immune to sickness and miasma.
You are immune to poison.
Your flesh is very heat resistant. (rF++)
You are vulnerable to cold. (rC-)
You cannot be stealthy.
You float through the air rather than walking.
You learn spells naturally, not from books.
Your magical power is your life essence.
You have superior vitality. (+4 MHP)


Message History

Aiming: Borgnjor's Vile Clutch (dangerous; 1% risk of failure)
Press: ? - help, Shift-Dir - straight line, f/p - five-headed hydra
Aim: a five-headed hydra (almost dead, inner flame, 100% to hit)
Zombie hands grab the five-headed hydra.
The zombie hands constrict the five-headed hydra.
Flame seeps out of the five-headed hydra.
The five-headed hydra is engulfed in blazing flames.
The five-headed hydra explodes!
You start resting.
A cane toad comes into view.
Casting: Borgnjor's Vile Clutch (mildly dangerous; 1% risk of failure)
Confirm with . or Enter, or press ? or * to list all spells.
You feel a surge of power!
You conjure some foxfire!
The foxfire hits the cane toad but does no damage.
The foxfire hits the cane toad.
The cane toad is lightly wounded.
Unknown command.
Casting: Foxfire (safe; 0% risk of failure)
Confirm with . or Enter, or press ? or * to list all spells.
You feel a surge of power!
You conjure some foxfire!
The foxfire hits the cane toad but does no damage.
The cane toad is lightly wounded.
The foxfire hits the cane toad.
The cane toad is lightly wounded.
Unknown command.
Casting: Foxfire (safe; 0% risk of failure)
Confirm with . or Enter, or press ? or * to list all spells.
You feel a surge of power!
You conjure some foxfire!
The foxfire hits the cane toad!
The cane toad is moderately wounded.
The foxfire hits the cane toad.
The cane toad is heavily wounded.
The cane toad stings you!!
Unknown command.
Casting: Foxfire (safe; 0% risk of failure)
Confirm with . or Enter, or press ? or * to list all spells.
You feel a surge of power!
You conjure some foxfire!
The cane toad stings you!!
* * * LOW HITPOINT WARNING * * *
The cane toad stings you!!
You die...

#. ..
#.##.####
........#
........##
....!....#
.........
........#
......vF##
.......@v#
........##
........#
.##.#.+##
#.### #. .


You could see a cane toad (ally target).

Vanquished Creatures
  A hydra (Lair:2)
  7 death yaks (D:8)
  An ugly thing (D:7)
  A black mamba (Lair:1)
  A cane toad (D:8)
  2 komodo dragons (Lair:1)
  A troll (D:6)
  A hornet (D:8)
  12 yaks (D:8)
  2 steam dragons (D:6)
  2 acid dragons (D:8)
  2 water moccasins
  4 sky beasts
  2 ice beasts
  5 black bears
  3 ogres
  2 centaurs
  Blork the orc (D:5)
  3 phantoms
  5 bullfrogs
  2 kobold brigands
  6 wights
  4 scorpions
  5 killer bees (D:7)
  2 howler monkeys (D:7)
  6 hounds
  An orc priest (D:6)
  3 jellies
  8 iguanas
  4 orc wizards
  9 adders
  3 shadow imps
  14 white imps
  An ufetubus (D:7)
  3 worms
  3 dart slugs
  23 orcs
  6 endoplasms
  5 giant cockroaches
  4 hobgoblins
  7 jackals
  A quokka (D:1)
  10 ball pythons
  9 bats
  4 frilled lizards
  6 goblins
  11 kobolds
  3 rats
221 creatures vanquished.

Vanquished Creatures (collateral kills)
  12 foxfires
12 creatures vanquished.

Vanquished Creatures (others)
  567 foxfires
  3 plants (D:4)
570 creatures vanquished.

Grand Total: 803 creatures vanquished

Notes
Turn   | Place    | Note
-------+----------+-------------------------------------------
     0 | D:1      | ders the Djinni Fire Elementalist began the quest for the
                  | Orb.
     0 | D:1      | Reached XP level 1. HP: 15/15 MP: 0/0
   324 | D:1      | Reached XP level 2. HP: 18/21 MP: 0/0
  1129 | D:1      | Reached XP level 3. HP: 23/25 MP: 0/0
  1129 | D:1      | Learned a level 1 spell: Pain
  1843 | D:2      | Reached XP level 4. HP: 13/31 MP: 0/0
  2457 | D:2      | Reached skill level 3 in Spellcasting
  2675 | D:2      | Found a faded altar of an unknown god.
  2839 | D:3      | Reached XP level 5. HP: 32/35 MP: 0/0
  2839 | D:3      | Learned a level 2 spell: Corpse Rot
  3239 | D:3      | Noticed a water moccasin
  3246 | D:3      | Killed a water moccasin
  3247 | D:3      | Reached XP level 6. HP: 38/40 MP: 0/0
  3337 | D:3      | Noticed an ogre
  3348 | D:3      | Killed an ogre
  3349 | D:3      | Reached skill level 4 in Spellcasting
  3349 | D:3      | Reached XP level 7. HP: 40/45 MP: 0/0
  3349 | D:3      | Learned a level 3 spell: Ozocubu's Armour
  4557 | D:4      | Reached skill level 5 in Spellcasting
  4670 | D:5      | Entered Level 5 of the Dungeon
  4758 | D:5      | Reached XP level 8. HP: 45/50 MP: 0/0
  4909 | D:5      | Found a transporter.
  4919 | D:5      | Found a transporter.
  4929 | D:5      | Noticed an ancient zyme
  4930 | D:5      | Found a one-way gate to the infinite horrors of the Abyss.
  4930 | D:5      | Noticed Dvallin's ghost (novice FoHu)
  5046 | D:5      | Noticed Blork the orc
  5061 | D:5      | Killed Blork the orc
  5148 | D:5      | Reached skill level 6 in Spellcasting
  5389 | D:5      | Found Bimatu's Jewellery Shoppe.
  5846 | D:6      | Found a staircase to the Ecumenical Temple.
  5856 | Temple   | Entered the Ecumenical Temple
  6028 | D:6      | Reached skill level 7 in Spellcasting
  6131 | D:6      | Reached XP level 9. HP: 47/55 MP: 0/0
  6131 | D:6      | Learned a level 4 spell: Iskenderun's Mystic Blast
  6333 | D:6      | Found a sacrificial altar of Ru.
  6334 | D:6      | Identified the +0 kite shield "Waoculis" {rC+ Will+}
  6354 | D:6      | Became a worshipper of Ru the Awakened
  6569 | D:6      | Noticed a troll
  6583 | D:6      | Reached skill level 8 in Spellcasting
  6763 | D:6      | Killed a troll
  7110 | D:6      | Reached skill level 9 in Spellcasting
  7494 | D:6      | Reached XP level 10. HP: 45/60 MP: 0/0
  7753 | D:6      | Found Deuczut's Jewellery Boutique.
  7882 | D:7      | Found a burning altar of Makhleb.
  8412 | D:7      | Found a white marble altar of Elyvilon.
  8414 | D:7      | Found a hazy altar of Hepliaklqana.
  8421 | D:7      | Reached skill level 10 in Spellcasting
  8642 | D:7      | Gained mutation: You cannot be stealthy. [Ru sacrifice]
  8934 | D:7      | Noticed a brown ugly thing
  8946 | D:7      | Killed a brown ugly thing
  8957 | D:7      | Reached skill level 11 in Spellcasting
  9158 | D:7      | Found a bloodstained altar of Trog.
  9306 | D:8      | Noticed a death yak
  9308 | D:8      | Noticed a death yak
 10091 | D:8      | Reached XP level 11. HP: 39/65 MP: 0/0
 10091 | D:8      | Learned a level 5 spell: Borgnjor's Vile Clutch
 10412 | D:8      | Noticed a death yak
 10412 | D:8      | Noticed a death yak
 10413 | D:8      | Noticed a death yak
 10416 | D:8      | Noticed a death yak
 10422 | D:8      | Killed a death yak
 10423 | D:8      | Reached skill level 12 in Spellcasting
 10429 | D:8      | Noticed a death yak
 10432 | D:8      | Killed a death yak
 10434 | D:8      | Killed a death yak
 10434 | D:8      | Killed a death yak
 10435 | D:8      | Reached skill level 13 in Spellcasting
 10436 | D:8      | Killed a death yak
 10441 | D:8      | Killed a death yak
 11229 | D:8      | Killed a death yak
 11509 | D:8      | Reached XP level 12. HP: 68/70 MP: 0/0
 11545 | D:8      | Found an ornate altar of the Wu Jian Council.
 11566 | D:8      | Found a staircase to the Lair.
 11737 | Lair:1   | Entered Level 1 of the Lair of Beasts
 12434 | Lair:1   | Reached skill level 14 in Spellcasting
 12603 | Lair:1   | You are sucked into a shaft and drop 1 floor!
 12603 | Lair:2   | Noticed a five-headed hydra
 12610 | Lair:2   | Killed a five-headed hydra
 12657 | Lair:2   | Slain by a cane toad

Illustrated notes

Levels and vault maps discovered:
D:1:      scummos_arrival_checkerplants, layout_basic
D:2:      layout_rooms, dilly_ecumenical_altar_fadedgnrine,
          kennysheep_nondescript, minivault_25, minmay_split_cup_large
D:3:      layout_basic
D:4:      layout_gridville, kennysheep_boxes
D:5:      layout_loops_cross, gammafunk_ghost_abyssal_escape,
          minmay_shop_enchanted_jewellery, serial_bayou_crossing,
          uniq_blork_the_orc
D:6:      minmay_clustersquares, layout_loops_ring, lemuel_crystal_altar,
          minmay_temple_entry_glassed_door, serial_shops, nicolae_diamond_shop
D:7:      layout_cave_pools, bloody_makhleb, kennysheep_little_box,
          chequers_temple_overflow_statue_of_worship
D:8:      layout_rooms, general_overflow_altar, dpeg_lair_monsters
Temple:   kb_temple_of_zot
Lair:1:   layout_long_grid, portal_ice_cave_entry_imps, minivault_19,
          beast_lair_carwin_6, grunt_megastairs_1
Lair:2:   layout_roguey, dreamdust_mushroom_princess, grunt_megastairs_5,
          uniq_gastronok

Skill      XL: |  1  2  3  4  5  6  7  8  9 10 11 12 |
---------------+-------------------------------------+-----
Stealth        | 2 3 0 |  0.0
Dodging        | 3 4 |  4.4
Spellcasting   | 3 4 5 7 9 11 13 14 | 14.1

Action                   |  1- 3 |  4- 6 |  7- 9 | 10-12 || total
-------------------------+-------+-------+-------+-------++-------
 Cast: Foxfire           |    66 |    57 |   124 |   102 ||   349
       Scorch            |     7 |     9 |    60 |    32 ||   108
       Ozocubu's Armour  |       |       |     3 |     1 ||     4
       Iskenderun's Myst |       |       |     6 |     6 ||    12
       Conjure Flame     |       |       |     1 |     5 ||     6
       Corpse Rot        |       |       |     1 |     1 ||     2
       Flame Wave        |       |       |       |     6 ||     6
       Inner Flame       |       |       |       |    15 ||    15
       Borgnjor's Vile C |       |       |       |    26 ||    26
Invok: Sacrifice Stealth |       |       |       |     1 ||     1
Evoke: Wand              |       |     6 |     6 |       ||    12
  Use: Potion            |       |       |     1 |     5 ||     6
       Scroll            |       |       |       |    17 ||    17
Armor: Robe              |    13 |     1 |       |       ||    14
       Steam dragon scal |       |       |     9 |    15 ||    24
Dodge: Dodged            |    16 |    16 |    63 |   101 ||   196

Table legend: (Time is in decaauts)
 A = Elapsed time spent in this place.
 B = Non-inter-level travel time spent in this place.
 C = Inter-level travel time spent in this place.
 D = Time resting spent in this place.
 E = Time spent auto-exploring this place.
 F = Levels seen in this place.
 G = Mean time per level.
                   A        B        C        D        E       F      G
               +--------+--------+--------+--------+--------+-----+--------+
         Total |  12627 |  12325 |    302 |   4454 |   6341 |  11 | 1147.9 |
       Dungeon |  12204 |  11926 |    278 |   4255 |   6239 |   8 | 1525.5 |
        Temple |     97 |     89 |      8 |      0 |     79 |   1 |   97.0 |
          Lair |    326 |    310 |     16 |    199 |     23 |   2 |  163.0 |
               +--------+--------+--------+--------+--------+-----+--------+

Top non-repeatable levels by time:
     D:6: 2091 daAuts
     D:7: 2040 daAuts
     D:8: 1966 daAuts
     D:1: 1678 daAuts
     D:5: 1437 daAuts
     D:2: 1204 daAuts
     D:4: 979 daAuts
     D:3: 806 daAuts
  Lair:1: 272 daAuts
  Temple: 97 daAuts
  Lair:2: 53 daAuts
